 Dungeon Crawl Stone Soup version 0.20.0-15-g7f486f2 (webtiles) character file.

169 botchamania the Insei (level 5, -2/33 HPs)
             Began as an Octopode Transmuter on June 27, 2017.
             Slain by Crazy Yiuf
             ... wielding a +2 quarterstaff of chaos
              (7 damage)
             ... on level 3 of the Dungeon.
             The game lasted 00:11:41 (3180 turns).

botchamania the Insei (Octopode Transmuter)         Turns: 3180, Time: 00:11:41

Health: -2/33      AC:  1    Str:  9    XL:     5   Next: 50%
Magic:  2/8        EV: 19    Int: 16    God:
Gold:   125        SH:  0    Dex: 18    Spells: 5/8 levels left

rFire    . . .     SeeInvis .   k - +1 hand axe (elec)
rCold    . . .     Gourm    .   (no shield)
rNeg     . . .     Faith    .   (helmet restricted)
rPois    .         Spirit   .   (no amulet)
rElec    .         Reflect  .   (no ring)
rCorr    .         Harm     .   (no ring)
MR       .....                  (no ring)
Stlth    ++++......             (no ring)
Regen    0.2/turn               (no ring)
MPRegen  0.2/turn               (no ring)
                                (no ring)
                                (no ring)

@: agile, appendage
A: almost no armour, stealthy swim, amphibious, 8 rings, constrict 8, tentacle
spike 3, camouflage 1, gelatinous body 1
a: End Transformation


You were on level 3 of the Dungeon.
You were not hungry.
One of your tentacles had a temporary spike.
You visited 1 branch of the dungeon, and saw 3 of its levels.

You collected 125 gold pieces.

Inventory:

Hand Weapons
 e - a +0 club
 k - a +1 hand axe of electrocution (weapon)
Missiles
 a - 19 arrows
 g - 6 javelins
 i - 60 stones (quivered)
 q - 2 throwing nets
Scrolls
 l - a scroll of fear {unknown}
 m - a scroll of enchant armour {unknown}
 o - a scroll of immolation {unknown}
 s - a scroll of teleportation {unknown}
Potions
 d - a potion of haste
 h - a potion of curing
 n - a potion of lignification {unknown}
 r - a potion of mutation {unknown}
Books
 b - a book of Changes

   Spells                             Type                      Level
   a - Beastly Appendage              Transmutation                1
   b - Sticks to Snakes               Transmutation                2
   c - Spider Form                    Transmutation/Poison         3
   d - Ice Form                       Ice/Transmutation            4
   e - Blade Hands                    Transmutation                5
Comestibles
 c - 2 bread rations
 j - 2 royal jellies
 p - 4 fruits
 t - 2 meat rations


   Skills:
 - Level 1.0 Fighting
 + Level 2.6 Dodging
 - Level 4.5 Unarmed Combat
 - Level 2.0 Spellcasting
 + Level 3.8 Transmutations


You had 5 spell levels left.
You knew the following spells:

 Your Spells              Type           Power        Failure   Level  Hunger
a - Beastly Appendage     Tmut           ##....       4%          1    #......
b - Sticks to Snakes      Tmut           ##......     6%          2    ###....


Dungeon Overview and Level Annotations

Branches:
Dungeon (3/15)

Altars:
Uskayaw
Xom

Annotations:
D:3 Crazy Yiuf, Grinder


Innate Abilities, Weirdness & Mutations

You cannot wear most types of armour.
You are very stealthy in the water. (Stealth+)
You are amphibious.
You can wear up to eight rings at the same time.
You can use your tentacles to constrict eight enemies at once.
Your skin changes colour to match your surroundings (Stealth+).
Your rubbery body absorbs attacks. (AC +1, EV +1)
One of your tentacles bears a large vicious spike.


Message History

Crazy Yiuf freezes your ball python.
Your ball python dies!
Casting: Sticks to Snakes
Confirm with . or Enter, or press ? or * to list all spells.
One of your tentacles grows a vicious spike.
You barely miss Crazy Yiuf. You grab Crazy Yiuf.
Crazy Yiuf is lightly wounded.
You constrict Crazy Yiuf. Crazy Yiuf misses you.
You barely miss Crazy Yiuf.
You pierce Crazy Yiuf, but do no damage.
Crazy Yiuf is moderately wounded.
You constrict Crazy Yiuf.
Crazy Yiuf hits you with a quarterstaff of chaos!
You are electrocuted!
Ouch! That really hurt!
* * * LOW HITPOINT WARNING * * *
You feel agile all of a sudden.
You constrict Crazy Yiuf.
Crazy Yiuf hits you with a quarterstaff of chaos!
You die...

##.......#
##........#
#####
#.....<...#
#).)#
#...[.....#
#)))#
..........#
)))
##.#......#
#'#
%..##.....#
#)##
#..########
##g#
#..########
#@##
#.........#
##)#
#########.#
##)## #.#
##..)# #.#
#....# #.#
#....#
#.####....#
#........##
#####...##


You could see Crazy Yiuf.

Vanquished Creatures
  A scorpion (D:3)
  An adder (D:3)
  An ooze (D:1)
  2 worms
  2 dart slugs (D:2)
  3 leopard geckos
  3 orcs (D:3)
  7 bats
  4 giant cockroaches
  4 goblins
  5 hobgoblins
  8 jackals
  7 kobolds
  4 rats
52 creatures vanquished.

Vanquished Creatures (collateral kills)
  Natasha (D:3)
  A gnoll (D:2)
  2 adders
  A worm (D:3)
  4 orcs (D:3)
  A giant cockroach (D:3)
  2 jackals (D:2)
  A bat (D:2)
  A rat (D:2)
14 creatures vanquished.

Grand Total: 66 creatures vanquished

Notes
Turn   | Place    | Note
-------+----------+-------------------------------------------
     0 | D:1      | botchamania the Octopode Transmuter began the quest for the Orb.
     0 | D:1      | Reached XP level 1. HP: 13/13 MP: 3/3
   235 | D:1      | Reached XP level 2. HP: 18/18 MP: 5/5
   597 | D:1      | Learned a level 2 spell: Sticks to Snakes
   979 | D:1      | Reached skill level 4 in Unarmed Combat
   979 | D:1      | Reached XP level 3. HP: 18/23 MP: 6/6
  1620 | D:2      | Reached XP level 4. HP: 28/28 MP: 2/7
  1708 | D:2      | Found a shimmering altar of Xom.
  1953 | D:3      | Noticed Grinder
  2400 | D:3      | Found a hide-covered altar of Uskayaw.
  3010 | D:3      | Noticed Natasha
  3021 | D:3      | Killed Natasha
  3021 | D:3      | Reached XP level 5. HP: 26/33 MP: 2/8
  3160 | D:3      | Found a runed door.
  3167 | D:3      | Noticed Crazy Yiuf
  3180 | D:3      | Slain by Crazy Yiuf

Skill      XL: |  1  2  3  4 |
---------------+-------------+-----
Unarmed Combat | 4 |  4.5
Transmutations | 3 |  3.8
Fighting       | |  1.0
Dodging        | |  2.6
Spellcasting   | |  2.0

Action                   |  1- 3 |  4- 6 || total
-------------------------+-------+-------++-------
Melee: Unarmed           |    74 |    29 ||   103
       Constrict         |    22 |    12 ||    34
       Tentacles         |    12 |     8 ||    20
       Kick              |    16 |     3 ||    19
       Hand axe          |       |    10 ||    10
Throw: Stone             |    17 |     1 ||    18
 Cast: Beastly Appendage |    21 |     7 ||    28
       Sticks to Snakes  |     6 |    27 ||    33
  Use: Scroll            |     1 |     1 ||     2
       Potion            |       |     3 ||     3
 Stab: Sleeping          |     3 |       ||     3
  Eat: Chunk             |     3 |     4 ||     7
       Bread ration      |       |     1 ||     1
Armor: Skin              |     8 |    11 ||    19
Dodge: Dodged            |    45 |    44 ||    89
